[Event "Team 45 45 League T39"]
[Site "Internet Chess Club"]
[Date "2008.11.29"]
[Round "6"]
[White "bjc"]
[Black "albacore"]
[Result "0-1"]
[WhiteElo "1326"]
[BlackElo "1372"]
[Opening "Scandinavian defense"]
[ECO "B01"]
[Time "15:00:30"]
[TimeControl "2700+45"]

1. e4 d5 2. exd5 Nf6 3. d4 c6 4. Nf3 cxd5 5. c4 Nc6 6. Nc3 Bg4 7. Be2 dxc4 8.
Be3 e6 9. Bxc4 Bd6 10. Be2 Bf5 11. a3 O-O 12. O-O Ne7 13. h3 Rc8 14. Nh4 a6 15.
Nxf5 Nxf5 16. Bg5 h6 17. Bc1 Qc7 18. d5 e5 19. Bg4 Nxg4 20. Qxg4 Qd7 21. Ne4 Be7
22. Bxh6 Rfd8 23. d6 Nxh6 24. Qxd7 Rxd7 25. dxe7 Rxe7 26. Rad1 Nf5 27. Rd3 Nd4
28. f4 Ne2+ 29. Kf2 Nxf4 30. Rb3 Rc2+ 31. Kg3 Nxg2 32. Nd6 Nf4 33. Kh4 f6 34.
Nxb7 Rc4 35. Kg3 Ne2+ 36. Kh2 Nd4 37. Nd6 Rc2+ 38. Kg3 Nxb3 {White resigns} 0-1

[Event "Team 45 45 League T39"]
[Site "Internet Chess Club"]
[Date "2008.11.29"]
[Round "6"]
[White "Kalar-Yadwa"]
[Black "KingsGrace"]
[Result "1-0"]
[WhiteElo "1363"]
[BlackElo "1214"]
[Opening "QGD Slav: 4.Nc3"]
[ECO "D15"]
[Time "12:01:35"]
[TimeControl "2700+45"]

1. d4 d5 2. c4 Nf6 3. Nc3 c6 4. Nf3 Nbd7 5. Bg5 h6 6. Bh4 e6 7. c5 Be7 8. Qc2
O-O 9. e3 Ng4 10. Bg3 Ndf6 11. h3 Nxe3 12. fxe3 Nh5 13. Bf2 f5 14. O-O-O a5 15.
Be2 Qe8 16. Ne5 Kh7 17. g4 Nf6 18. h4 Ne4 19. Nxe4 fxe4 20. Rdf1 a4 21. Bg3 a3
22. b3 Bf6 23. Bd1 g6 24. g5 Bg7 25. Rf2 Kg8 26. Rhf1 Rf5 27. Bg4 h5 28. Bxf5
gxf5 29. Qe2 Ra6 30. g6 b6 31. Qxh5 Ra7 32. Qh7+ Kf8 33. Nf7 bxc5 34. Bd6+ Re7
35. Bxe7+ Qxe7 36. h5 c4 37. h6 Qb4 38. Qxg7+ Ke8 39. Qg8+ Ke7 40. Qd8# {Black
checkmated} 1-0

[Event "Team 45 45 League T39"]
[Site "Internet Chess Club"]
[Date "2008.11.28"]
[Round "6"]
[White "john-beebs"]
[Black "Manch"]
[Result "1/2-1/2"]
[WhiteElo "1424"]
[BlackElo "1490"]
[Opening "Four knights: Rubinstein counter-gambit"]
[ECO "C48"]
[Time "13:14:29"]
[TimeControl "2700+45"]

1. e4 e5 2. Nf3 Nc6 3. Nc3 Nf6 4. Bb5 Nd4 5. d3 Nxb5 6. Nxb5 c6 7. Nc3 d6 8. O-O
Be7 9. h3 O-O 10. Nh4 d5 11. Nf5 dxe4 12. Nxe7+ Qxe7 13. dxe4 h6 14. Qf3 Be6 15.
Qg3 Kh8 16. Qxe5 Rae8 17. Re1 Nd7 18. Qd4 Qc5 19. Be3 Qxd4 20. Bxd4 a6 21. Na4
b5 22. Nc5 Nxc5 23. Bxc5 Rg8 24. Re3 g5 25. b3 f5 26. exf5 Bxf5 27. Rxe8 Rxe8
28. Rc1 Re2 29. c4 Rxa2 30. cxb5 cxb5 31. b4 Rc2 32. Rxc2 Bxc2 33. f3 Kg7 34.
Kf2 Kf6 35. Ke3 h5 36. g3 Kf5 37. g4+ hxg4 38. hxg4+ Kg6 39. f4 Bd1 40. f5+ Kf6
41. Bd4+ Kf7 42. Ke4 Bxg4 43. Ke5 Bf3 44. Be3 g4 45. Kf4 a5 46. bxa5 b4 47. a6
b3 48. Bd4 Ke7 49. a7 Kf7 50. a8=Q Bxa8 51. Kxg4 {Game drawn by mutual
agreement} 1/2-1/2

[Event "Team 45 45 League T39"]
[Site "Internet Chess Club"]
[Date "2008.11.30"]
[Round "6"]
[White "Shazaam"]
[Black "wrimle"]
[Result "0-1"]
[WhiteElo "1531"]
[BlackElo "1310"]
[Opening "Dutch"]
[ECO "A80"]
[Time "15:00:55"]
[TimeControl "2700+45"]

1. d4 f5 2. e3 g6 3. Nd2 Nf6 4. Bd3 Bg7 5. f4 O-O 6. Ngf3 b6 7. c3 Bb7 8. O-O d5
9. Ng5 Qd7 10. Ndf3 Nc6 11. Ne5 Nxe5 12. fxe5 Ng4 13. Rf4 Bh6 14. e6 Qd6 15. Nf7
Qxe6 16. Nxh6+ Nxh6 17. Rh4 Ng4 18. Qf3 Qd6 19. Bd2 e5 20. Qh3 Rf7 21. Be2 Bc8
22. c4 Be6 23. cxd5 Qxd5 24. b3 exd4 25. Bc4 Qe5 26. exd4 Qxd4+ 27. Be3 Qxa1+
{White resigns} 0-1

[Event "Team 45 45 League T39"]
[Site "Internet Chess Club"]
[Date "2008.11.30"]
[Round "6"]
[White "moreffee"]
[Black "cobra2008"]
[Result "0-1"]
[WhiteElo "1355"]
[BlackElo "1357"]
[Opening "Evans gambit declined"]
[ECO "C51"]
[Time "13:03:53"]
[TimeControl "2700+45"]

1. Nf3 Nc6 2. e4 e5 3. Bc4 Bc5 4. b4 Bb6 5. O-O h6 6. Ba3 Nf6 7. d3 d6 8. c3 Bg4
9. Nbd2 Qd7 10. Qb3 O-O 11. Nh4 Be2 12. Rfe1 Bg4 13. Nf1 Kh8 14. Ne3 Bxe3 15.
Rxe3 a6 16. Qc2 b5 17. Bd5 Nxd5 18. exd5 Ne7 19. Rae1 Nf5 20. Nxf5 Bxf5 21. Bc1
Rae8 22. Qe2 f6 23. h3 Rf7 24. f4 Rfe7 25. g4 Bh7 26. f5 Bg8 27. c4 c6 28. Qf3
Rc8 29. dxc6 Rxc6 30. d4 Rxc4 31. dxe5 Rxe5 32. Rxe5 dxe5 33. Rd1 Qf7 34. a3 Rc8
35. Qe4 Qb3 36. Qe3 Qxd1+ {White resigns} 0-1

[Event "Team 45 45 League T39"]
[Site "Internet Chess Club"]
[Date "2008.11.27"]
[Round "6"]
[White "Check101"]
[Black "DrOMM"]
[Result "0-1"]
[WhiteElo "1077"]
[BlackElo "1212"]
[Opening "Caro-Kann: advance variation"]
[ECO "B12"]
[Time "15:30:13"]
[TimeControl "2700+45"]

1. e4 c6 2. d4 d5 3. e5 Bf5 4. f4 e6 5. c4 c5 6. dxc5 Bxc5 7. cxd5 Qxd5 8. Qa4+
Nc6 9. Nc3 Qd4 10. Qxd4 Nxd4 11. Rb1 {White resigns} 0-1

[Event "Team 45 45 League T39"]
[Site "Internet Chess Club"]
[Date "2008.12.02"]
[Round "6"]
[White "giltar"]
[Black "MiroslavR"]
[Result "1-0"]
[WhiteElo "1838"]
[BlackElo "1850"]
[Opening "King's Indian: London system"]
[ECO "A48"]
[Time "14:00:12"]
[TimeControl "2700+45"]

1. d4 Nf6 2. Nf3 g6 3. Bf4 Bg7 4. e3 d6 5. Be2 Nh5 6. Bg5 h6 7. Bh4 g5 8. Bg3
Nxg3 9. hxg3 c5 10. Nc3 Qa5 11. Qd2 Nc6 12. d5 Ne5 13. Nxe5 Bxe5 14. f4 Bxc3 15.
Qxc3 Qxc3+ 16. bxc3 g4 17. Rh4 h5 18. Kd2 Bf5 19. Rah1 O-O-O 20. Rxh5 Rxh5 21.
Rxh5 e6 22. Bd3 Bxd3 23. cxd3 exd5 24. Rxd5 f6 25. Rh5 Kd7 26. Rh7+ Kc6 27. Rh6
Rf8 28. e4 Kb5 29. Rh7 Ka4 30. Rxb7 a5 31. Rb6 Rd8 32. Kc2 Rh8 33. Rxd6 Rh2 34.
e5 Rxg2+ 35. Kd1 fxe5 36. fxe5 Rxg3 37. e6 Re3 38. Kd2 Re5 39. d4 cxd4 40. cxd4
Re4 41. d5 g3 42. Rd8 g2 43. Rg8 Rd4+ 44. Kc3 Rxd5 45. Rxg2 Re5 46. Rg6 Ka3 47.
Kd4 Re2 48. Rg3+ Kxa2 49. Re3 Rh2 50. e7 Rh8 51. e8=Q Rxe8 52. Rxe8 a4 53. Kc3
Ka3 54. Ra8 {Black resigns} 1-0

[Event "Team 45 45 League T39"]
[Site "Internet Chess Club"]
[Date "2008.11.30"]
[Round "6"]
[White "Bega"]
[Black "mfeatherston"]
[Result "0-1"]
[WhiteElo "1808"]
[BlackElo "1863"]
[Opening "Sicilian: Alapin's variation (2.c3)"]
[ECO "B22"]
[Time "13:01:16"]
[TimeControl "2700+45"]

1. e4 c5 2. c3 g6 3. d4 cxd4 4. cxd4 d5 5. Nc3 dxe4 6. Nxe4 Bg7 7. Be3 Nf6 8.
Nxf6+ Bxf6 9. Nf3 O-O 10. Be2 Nc6 11. h3 Be6 12. O-O Rc8 13. Qd2 Qd7 14. Rfd1
Rfd8 15. a3 Bb3 16. Rdc1 Bd5 17. Rd1 Bxf3 18. Bxf3 Nxd4 19. Bg4 e6 20. Bxd4 Qxd4
21. Qa5 Qxb2 22. Rab1 Rxd1+ 23. Rxd1 Bd4 24. Rf1 Bxf2+ 25. Rxf2 Rc1+ 26. Rf1
Qd4+ 27. Kh2 Rxf1 28. Qc7 Qf4+ {White resigns} 0-1

[Event "Team 45 45 League T39"]
[Site "Internet Chess Club"]
[Date "2008.11.28"]
[Round "6"]
[White "Grenadier"]
[Black "gagdad"]
[Result "1-0"]
[WhiteElo "1709"]
[BlackElo "1764"]
[Opening "Alekhine's defense"]
[ECO "B02"]
[Time "20:12:55"]
[TimeControl "2700+45"]

1. e4 Nf6 2. e5 Nd5 3. Bc4 Nb6 4. Bb3 e6 5. Nf3 Nc6 6. c3 d5 7. d4 Be7 8. Be3
O-O 9. Qd3 f5 10. h4 h6 11. Nbd2 f4 12. Bc2 Rf5 13. Bxf4 Nb4 14. cxb4 Bxb4 15.
Bxh6 gxh6 16. g4 Bxd2+ 17. Nxd2 Rf7 18. Qg6+ Rg7 19. Qxh6 Rxg4 20. Bh7+ Kf7 21.
Qh5+ {Black resigns} 1-0

[Event "Team 45 45 League T39"]
[Site "Internet Chess Club"]
[Date "2008.11.28"]
[Round "6"]
[White "Russellovich"]
[Black "GoIrish"]
[Result "1-0"]
[WhiteElo "1778"]
[BlackElo "1610"]
[Opening "Alekhine's defense: modern, fianchetto variation"]
[ECO "B04"]
[Time "06:30:06"]
[TimeControl "2700+45"]

1. e4 Nf6 2. e5 Nd5 3. d4 d6 4. Nf3 g6 5. Bd3 Bg7 6. c4 Nb6 7. Be3 O-O 8. O-O
Nc6 9. exd6 exd6 10. Nbd2 Bg4 11. h3 Bd7 12. a3 Nc8 13. Ra2 N8e7 14. d5 Ne5 15.
Nxe5 Bxe5 16. Ne4 Nf5 17. Bg5 f6 18. Bc1 Qc8 19. g4 Ng7 20. f4 Bd4+ 21. Kh2 f5
22. Be2 Bb6 23. Nf2 fxg4 24. Nxg4 Nf5 25. b4 a5 26. b5 Qe8 27. Bb2 Ne3 28. Nh6#
{Black checkmated} 1-0

[Event "Team 45 45 League T39"]
[Site "Internet Chess Club"]
[Date "2008.11.30"]
[Round "6"]
[White "Solfege"]
[Black "fishhead"]
[Result "1-0"]
[WhiteElo "1932"]
[BlackElo "1823"]
[Opening "Alekhine's defense: Balogh variation"]
[ECO "B03"]
[Time "14:00:15"]
[TimeControl "2700+45"]

1. e4 Nf6 2. e5 Nd5 3. d4 d6 4. Bc4 Nb6 5. Bd3 g6 6. Bf4 Bg7 7. Nc3 O-O 8. Nf3
Nc6 9. Bb5 Bd7 10. O-O d5 11. Qe2 e6 12. a4 a6 13. Bd3 Nb4 14. a5 Nc8 15. Rfe1
Ne7 16. Qd2 Nxd3 17. Qxd3 Rc8 18. b4 h6 19. Rab1 b5 20. Ne2 Kh7 21. Ng3 Rg8 22.
Nh5 Nf5 23. Nxg7 Kxg7 24. h3 Qf8 25. g4 Ne7 26. g5 h5 27. Nh4 c6 28. Qg3 Rc7 29.
Qf3 Kh7 30. Bg3 Be8 31. Qf6 Qg7 32. Bf4 Rf8 33. Rb3 Rd7 34. Rc3 Rb7 35. Rce3 Rb8
36. Qxe7 {Black resigns} 1-0

[Event "Team 45 45 League T39"]
[Site "Internet Chess Club"]
[Date "2008.12.01"]
[Round "6"]
[White "CREDITorDEBIT"]
[Black "Rainbird"]
[Result "0-1"]
[WhiteElo "1737"]
[BlackElo "1822"]
[Opening "Ruy Lopez: closed defense"]
[ECO "C84"]
[Time "17:01:53"]
[TimeControl "2700+45"]

1. e4 e5 2. Nf3 Nc6 3. Bb5 a6 4. Ba4 Nf6 5. O-O Be7 6. Nc3 b5 7. Bb3 d6 8. Nd5
Nxe4 9. Nxe7 Nxe7 10. d4 exd4 11. Qxd4 Nf6 12. c3 O-O 13. Nh4 Be6 14. Bc2 Qd7
15. Bg5 Ned5 16. f4 c5 17. Qd3 c4 18. Qd4 Qa7 19. Rad1 Ne3 20. Bxf6 gxf6 21. Bb1
Qxd4 22. Rxd4 Nxf1 23. Kxf1 Rfd8 24. f5 Bc8 25. Be4 Rb8 26. Bd5 Bb7 27. Rg4+ Kf8
28. Bf3 Re8 29. Rd4 Bxf3 30. Nxf3 Rbd8 31. Rh4 Kg8 32. Rg4+ Kh8 33. Nd4 d5 34.
Nc6 Rd6 35. Nd4 Re4 36. Rxe4 dxe4 37. Kf2 Rd5 38. Ke3 Re5 39. g4 Kg7 40. h4 h5
41. Nc6 hxg4 42. Nxe5 fxe5 43. Kxe4 Kh6 44. b3 Kh5 45. bxc4 bxc4 {White resigns}
0-1

[Event "Team 45 45 League T39"]
[Site "Internet Chess Club"]
[Date "2008.12.01"]
[Round "6"]
[White "RealChosenOne"]
[Black "Mater"]
[Result "1-0"]
[WhiteElo "1807"]
[BlackElo "1695"]
[Opening "Sicilian: Najdorf"]
[ECO "B90"]
[Time "15:04:08"]
[TimeControl "2700+45"]

1. e4 c5 2. Nf3 d6 3. d4 cxd4 4. Nxd4 Nf6 5. Nc3 a6 6. f3 e5 7. Nb3 Be7 8. Be3
b5 9. a4 b4 10. Nd5 Nxd5 11. Qxd5 Qc7 12. Qxa8 Nc6 13. Bxa6 O-O 14. Bxc8 Rxc8
15. Qa6 Nd4 16. Nxd4 exd4 17. Bxd4 Qxc2 18. O-O Bh4 19. Qxd6 Rd8 20. Qxb4 Qd3
21. Rad1 Rxd4 22. Qxd4 {Black resigns} 1-0

[Event "Team 45 45 League T39"]
[Site "Internet Chess Club"]
[Date "2008.11.30"]
[Round "6"]
[White "badmove"]
[Black "Lionskins"]
[Result "1-0"]
[WhiteElo "1606"]
[BlackElo "1574"]
[Opening "Sicilian: closed"]
[ECO "B23"]
[Time "16:00:30"]
[TimeControl "2700+45"]

1. e4 c5 2. Nc3 a6 3. g3 Nc6 4. Bg2 e6 5. d3 h6 6. f4 Nge7 7. Nf3 b5 8. Be3 Qb6
9. Qd2 Bb7 10. d4 cxd4 11. Nxd4 Ng6 12. Nxe6 Qa5 13. Nxf8 Nxf8 14. O-O Ne7 15.
a3 Qc7 16. Rad1 Rd8 17. Qd6 Qxd6 18. Rxd6 Nc8 19. Rd2 Ne6 20. Rfd1 Bc6 21. e5
Bxg2 22. Kxg2 Ne7 23. Bb6 Rb8 24. Ba5 Rb7 25. Bb4 Nc6 26. Ne4 Rc7 27. Nd6+ Ke7
28. Nxb5+ {Black resigns} 1-0

[Event "Team 45 45 League T39"]
[Site "Internet Chess Club"]
[Date "2008.11.26"]
[Round "6"]
[White "chsrules88"]
[Black "trucazzo"]
[Result "1-0"]
[WhiteElo "2022"]
[BlackElo "2049"]
[Opening "Scandinavian (center counter) defense"]
[ECO "B01"]
[Time "16:33:23"]
[TimeControl "2700+45"]

1. e4 d5 2. e5 c5 3. c3 d4 4. cxd4 cxd4 5. Bc4 Nc6 6. f4 Nh6 7. d3 Bg4 8. Nf3 e6
9. h3 Bxf3 10. Qxf3 Be7 11. O-O Nf5 12. a4 Qb6 13. Na3 Rc8 14. Nc2 h5 15. Rb1
Rh6 16. Bd2 Rg6 17. Qxh5 Ng3 18. Qf3 Nxf1 19. Kxf1 f5 20. Qh5 Nxe5 21. fxe5 Kf7
22. Qxf5+ Bf6 23. Qf3 Kg8 24. Qe4 Rf8 25. Qxg6 Bg5+ 26. Kg1 Be3+ 27. Bxe3 Rf1+
28. Rxf1 Qxb2 29. Bxe6+ {Black resigns} 1-0

[Event "Team 45 45 League T39"]
[Site "Internet Chess Club"]
[Date "2008.11.30"]
[Round "6"]
[White "QueensCounselor"]
[Black "lele"]
[Result "1/2-1/2"]
[WhiteElo "1950"]
[BlackElo "2147"]
[Opening "QGD: Orthodox defense, 7.Rc1"]
[ECO "D63"]
[Time "14:58:28"]
[TimeControl "2700+45"]

1. d4 d5 2. c4 e6 3. Nf3 Nf6 4. Bg5 Be7 5. Nc3 Nbd7 6. e3 O-O 7. Rc1 h6 8. Bh4
c6 9. Bd3 dxc4 10. Bxc4 Nd5 11. Bg3 N7f6 12. Ne5 Qb6 13. Qb3 Qxb3 14. Bxb3 Nxc3
15. bxc3 Ne4 16. Ke2 Rd8 17. f3 Nxg3+ 18. hxg3 Bd6 19. Ng4 b6 20. Kf2 c5 21.
Rhd1 Bb7 22. e4 Rac8 23. e5 Be7 24. Rc2 cxd4 25. cxd4 Rxc2+ 26. Bxc2 Rc8 27. Ne3
Rc3 28. Bb3 Kf8 29. Bc4 Ba3 30. Bb3 b5 31. Nc2 Be7 32. Rd2 a5 33. Ne3 a4 34. Bd1
Ba3 35. Rc2 Rxc2+ 36. Nxc2 Bb2 37. Be2 a3 38. Bxb5 Bd5 39. Nb4 Bxd4+ 40. Ke2
Bxe5 41. Nxd5 exd5 42. g4 Ke7 43. Kd3 Kd6 44. Be8 f6 45. Ba4 Kc5 46. Be8 Kd6 47.
Ba4 Ke6 48. Bb3 Bc7 49. Kd4 Bb6+ 50. Kd3 g6 51. Ba4 f5 52. gxf5+ Kxf5 53. Bc6
Ke5 54. g4 h5 55. gxh5 gxh5 56. f4+ Kxf4 57. Bxd5 h4 58. Ke2 h3 59. Kf1 Ke5 60.
Bb7 Kd6 61. Ke2 Kc5 62. Kd3 Kb4 63. Bh1 Bc7 64. Ba8 Bd6 65. Bh1 Kc5 66. Ba8 Be7
67. Bh1 Kd6 68. Ke3 Ke5 69. Kf3 Kd4 70. Kg3 Kc3 71. Kxh3 Kb2 {Game drawn by
mutual agreement} 1/2-1/2

[Event "Team 45 45 League T39"]
[Site "Internet Chess Club"]
[Date "2008.12.01"]
[Round "6"]
[White "PaulKaspar"]
[Black "rubo"]
[Result "1/2-1/2"]
[WhiteElo "1768"]
[BlackElo "1736"]
[Opening "Caro-Kann: advance variation"]
[ECO "B12"]
[Time "13:08:40"]
[TimeControl "2700+45"]

1. e4 c6 2. d4 d5 3. e5 Bf5 4. Bd3 Bxd3 5. Qxd3 e6 6. Nf3 Nd7 7. O-O c5 8. c3
Qb6 9. b3 Ne7 10. Bg5 Nc6 11. Nbd2 cxd4 12. cxd4 Bb4 13. a3 Bxd2 14. Bxd2 O-O
15. Ng5 g6 16. Be3 Kg7 17. Rac1 Ne7 18. Rc3 Rac8 19. Rfc1 Rxc3 20. Rxc3 Rc8 21.
Rxc8 Nxc8 22. h3 {Game drawn by mutual agreement} 1/2-1/2

[Event "Team 45 45 League T39"]
[Site "Internet Chess Club"]
[Date "2008.11.30"]
[Round "6"]
[White "MrShaw"]
[Black "usc"]
[Result "0-1"]
[WhiteElo "1897"]
[BlackElo "1829"]
[Opening "Sicilian defense"]
[ECO "B34"]
[Time "12:33:54"]
[TimeControl "2700+45"]

1. e4 c5 2. Nf3 Nc6 3. d4 cxd4 4. Nxd4 g6 5. Be3 Bg7 6. Bc4 d6 7. Nc3 Nf6 8. Bb3
Ng4 9. Nxc6 bxc6 10. Bg5 Qa5 11. Qd2 Be6 12. O-O Bxb3 13. axb3 Qc7 14. h3 Nf6
15. f4 O-O 16. Rfe1 Rfd8 17. Qe3 Rd7 18. e5 dxe5 19. fxe5 Nd5 20. Nxd5 Rxd5 21.
e6 Bd4 22. Qxd4 Rxd4 23. exf7+ Kxf7 {White resigns} 0-1

[Event "Team 45 45 League T39"]
[Site "Internet Chess Club"]
[Date "2008.12.01"]
[Round "6"]
[White "rasdern"]
[Black "quantjock"]
[Result "0-1"]
[WhiteElo "1660"]
[BlackElo "1814"]
[Opening "Sicilian: Najdorf, 7...Be7 main line"]
[ECO "B99"]
[Time "21:02:32"]
[TimeControl "2700+45"]

1. e4 c5 2. Nf3 d6 3. d4 cxd4 4. Nxd4 Nf6 5. Nc3 a6 6. Bg5 e6 7. f4 Be7 8. Qf3
Qc7 9. O-O-O Nbd7 10. g4 b5 11. Bxf6 Nxf6 12. g5 Nd7 13. f5 Bxg5+ 14. Kb1 O-O
15. Qg4 Bf6 16. fxe6 Bxd4 17. Nd5 Ne5 18. Nxc7 Nxg4 19. Rxd4 Ra7 20. e7 Rxc7 21.
exf8=Q+ Kxf8 22. Rxd6 Nf2 23. Rg1 Nxe4 24. Rd8+ Ke7 25. Rd4 Bf5 26. Rxg7 Kf6 27.
Rg2 Re7 28. b3 Bh3 29. Rg1 Bf5 30. Bd3 Nd2+ 31. Kb2 Nf3 32. Bxf5 Nxd4 33. Bxh7
Re2 34. h4 Ke5 35. Bd3 Rh2 36. Re1+ Kd6 37. Re4 Nc6 38. a4 Ne5 39. Kc3 Nxd3 40.
Kxd3 f5 41. Rd4+ Ke5 42. axb5 Rh3+ 43. Kc4 axb5+ 44. Kc5 Rc3+ {White resigns}
0-1

[Event "Team 45 45 League T39"]
[Site "Internet Chess Club"]
[Date "2008.12.01"]
[Round "6"]
[White "Klampin"]
[Black "QueensCounselor"]
[Result "1/2-1/2"]
[WhiteElo "1969"]
[BlackElo "1951"]
[Opening "Queen's bishop game"]
[ECO "D02"]
[Time "13:30:10"]
[TimeControl "2700+45"]

1. d4 d5 2. Nf3 Nf6 3. Bf4 e6 4. e3 Be7 5. Bd3 O-O 6. Nbd2 c5 7. c3 Nc6 8. O-O
Nh5 9. Be5 c4 10. Bc2 Nxe5 11. Nxe5 Nf6 12. f4 Bd7 13. Qf3 Qb6 14. Rab1 Qc7 15.
Qh3 g6 16. g4 Rfd8 17. f5 exf5 18. gxf5 Rac8 19. Qh6 Be8 20. fxg6 hxg6 21. Rf3
Bf8 22. Qh4 Nh5 23. Kh1 Bg7 24. Rg1 Rd6 25. e4 Qd8 26. Rh3 Qxh4 27. Rxh4 b5 28.
exd5 Rxd5 29. Be4 Rdd8 30. Ndf3 Nf6 31. Bc2 Bc6 32. Nxc6 Rxc6 33. Ne5 Re6 34. a4
a6 35. axb5 axb5 36. Ra1 Nd5 37. Re4 {Game drawn by mutual agreement} 1/2-1/2

[Event "Team 45 45 League T39"]
[Site "Internet Chess Club"]
[Date "2008.11.30"]
[Round "6"]
[White "LoseOften"]
[Black "rayonline53"]
[Result "1-0"]
[WhiteElo "1767"]
[BlackElo "1472"]
[Opening "Pirc: Austrian attack, 6.Bd3"]
[ECO "B09"]
[Time "04:00:18"]
[TimeControl "2700+45"]

1. e4 d6 2. d4 Nf6 3. Nc3 g6 4. f4 Bg7 5. Nf3 O-O 6. Bd3 c5 7. e5 dxe5 8. dxe5
Nd5 9. Ne4 Qc7 10. Qe2 Be6 11. O-O Nb4 12. Be3 Nxd3 13. cxd3 b6 14. a4 Nc6 15.
Bd2 Rfd8 16. a5 Nd4 17. Nxd4 cxd4 18. Rfc1 Qb7 19. Ra4 Bf5 20. Rac4 Rac8 21. Bb4
Bf8 22. Ng5 h6 23. Nf3 Be6 24. Rxc8 Bxc8 25. Rc4 Bg4 26. Kf2 b5 27. Rc2 e6 28.
Bxf8 Kxf8 29. b4 Ke8 30. Rc5 Rc8 31. Qc2 Rxc5 32. Qxc5 Bxf3 33. gxf3 Qd7 34. Kg3
h5 35. Kf2 Kd8 36. Qf8+ Kc7 37. Qa8 {Black resigns} 1-0

[Event "Team 45 45 League T39"]
[Site "Internet Chess Club"]
[Date "2008.11.30"]
[Round "6"]
[White "nursey"]
[Black "shakkiipe"]
[Result "0-1"]
[WhiteElo "1601"]
[BlackElo "1771"]
[Opening "Pirc: classical system, 5.Be2"]
[ECO "B08"]
[Time "12:02:36"]
[TimeControl "2700+45"]

1. e4 d6 2. d4 Nf6 3. Nc3 g6 4. Nf3 Bg7 5. Be2 O-O 6. O-O Bg4 7. Bg5 c6 8. Nd2
Bxe2 9. Qxe2 e5 10. dxe5 dxe5 11. Rad1 Qc7 12. Nc4 b5 13. Bxf6 Bxf6 14. Ne3 Bg7
15. f3 Nd7 16. a4 b4 17. Na2 a5 18. c3 Rfb8 19. cxb4 axb4 20. b3 Bf8 21. Qc4 Nb6
22. Qe2 Bc5 23. Nc1 Bd4 24. Nd3 c5 25. f4 c4 26. Nxb4 cxb3 27. Rc1 Qd7 28. Nc6
Rc8 29. Nxd4 exd4 30. Rxc8+ Rxc8 31. a5 Na4 32. Nd5 Nc3 33. Qf3 Nxd5 34. exd5
Rc3 35. Qe4 d3 36. Qd4 Qc8 37. Kf2 Qc5 38. Qxc5 Rxc5 39. Rb1 Rxd5 40. a6 d2 41.
Ke2 Ra5 42. Kxd2 Rxa6 43. Kc3 Rb6 44. g3 Kg7 45. Rxb3 Rxb3+ 46. Kxb3 Kf6 47. g4
h5 48. h3 hxg4 49. hxg4 g5 50. f5 Ke5 {White resigns} 0-1

[Event "Team 45 45 League T39"]
[Site "Internet Chess Club"]
[Date "2008.11.30"]
[Round "6"]
[White "Beancounter"]
[Black "vaknight"]
[Result "1/2-1/2"]
[WhiteElo "1707"]
[BlackElo "1624"]
[Opening "Sicilian: dragon, classical, 8.O-O"]
[ECO "B73"]
[Time "09:00:15"]
[TimeControl "2700+45"]

1. e4 c5 2. Nf3 Nc6 3. d4 cxd4 4. Nxd4 Nf6 5. Nc3 d6 6. Be2 g6 7. Be3 Bg7 8. O-O
O-O 9. Kh1 e5 10. Nb3 Be6 11. Qd2 d5 12. exd5 {Game drawn by mutual agreement}
1/2-1/2

[Event "Team 45 45 League T39"]
[Site "Internet Chess Club"]
[Date "2008.11.29"]
[Round "6"]
[White "Hesperus"]
[Black "Fegary"]
[Result "0-1"]
[WhiteElo "1962"]
[BlackElo "2157"]
[Opening "King's Indian: orthodox variation"]
[ECO "E94"]
[Time "17:00:06"]
[TimeControl "2700+45"]

1. d4 Nf6 2. c4 g6 3. Nc3 Bg7 4. e4 d6 5. Nf3 O-O 6. Be2 e5 7. O-O exd4 8. Nxd4
Re8 9. f3 Nc6 10. Be3 Nd7 11. Qd2 Nxd4 12. Bxd4 Ne5 13. Rad1 Be6 14. b3 Nc6 15.
Bxg7 Kxg7 16. f4 Qf6 17. g4 Kg8 18. f5 gxf5 19. gxf5 Qg7+ 20. Kh1 Kh8 21. fxe6
fxe6 22. Rg1 Qe7 23. Qh6 Rg8 24. Rxg8+ Rxg8 25. Rf1 Nd4 26. Rf6 Rg7 27. Bh5 Qd8
28. Qf4 Nf5 29. Rxe6 Qg8 30. Bg6 Qxe6 31. Bxf5 Qf6 32. Qc1 Qd4 33. Ne2 Qf2 34.
Ng3 Qxa2 35. Qf1 Rf7 36. Nh5 Qxb3 37. Qa1+ Kg8 38. Nf6+ Kf8 39. Nxh7+ Ke7 40.
Ng5 Rf6 41. c5 Qe3 42. cxd6+ cxd6 43. Nh7 Rf7 44. Qd1 Qf4 45. h3 Rg7 {White
resigns} 0-1

[Event "Team 45 45 League T39"]
[Site "Internet Chess Club"]
[Date "2008.11.28"]
[Round "6"]
[White "qs16"]
[Black "charles-allen"]
[Result "1/2-1/2"]
[WhiteElo "1751"]
[BlackElo "1877"]
[Opening "Petrov three knights game"]
[ECO "C42"]
[Time "13:30:21"]
[TimeControl "2700+45"]

1. e4 e5 2. Nf3 Nf6 3. Nc3 Bb4 4. Bc4 O-O 5. O-O d6 6. d3 Be6 7. Nd5 Nxd5 8.
exd5 Bd7 9. c3 Bc5 10. b4 Bb6 11. Bg5 f6 12. Be3 Bxe3 13. fxe3 Kh8 14. Nd2 Qe8
15. Qf3 Qg6 16. a4 a5 17. b5 b6 {Game drawn by mutual agreement} 1/2-1/2

[Event "Team 45 45 League T39"]
[Site "Internet Chess Club"]
[Date "2008.11.30"]
[Round "6"]
[White "BraafPaard"]
[Black "oldsj"]
[Result "0-1"]
[WhiteElo "1560"]
[BlackElo "1611"]
[Opening "King's Indian: orthodox, Aronin-Taimanov variation (Yugoslav attack / Mar del Plata variation)"]
[ECO "E97"]
[Time "10:02:04"]
[TimeControl "2700+45"]

1. d4 Nf6 2. c4 g6 3. Nc3 Bg7 4. e4 d6 5. Nf3 e5 6. Be2 O-O 7. O-O Nc6 8. d5 Ne7
9. Bg5 h6 10. Be3 Nh5 11. Qd2 Nf4 12. Bxf4 exf4 13. Qxf4 g5 14. Qd2 Ng6 15. Bd1
Nf4 16. Ne2 Nxe2+ 17. Bxe2 Qe7 18. Rfe1 Bg4 19. Bd1 Rae8 20. h3 Bh5 21. Nd4 Bg6
22. Ba4 Rb8 23. f3 a6 24. Rac1 Qe5 25. Rcd1 Qf6 26. b4 Qd8 27. b5 Be5 28. bxa6
bxa6 29. Nc6 Rb2 30. Nxd8 Rxd2 31. Rxd2 Bc3 32. Rc2 Bxe1 33. Nc6 f5 34. e5 Be8
35. exd6 cxd6 36. Re2 Bg3 37. Ne7+ Kf7 38. Bc2 Be5 39. Nxf5 h5 40. g4 h4 41. c5
Bb5 42. Re3 Re8 43. Nxd6+ Bxd6 44. Rxe8 Bxc5+ 45. Kg2 Kxe8 46. Bb3 Bd6 47. Kf2
Kf7 48. Bd1 Kf6 49. Be2 Bxe2 50. Kxe2 Ke5 51. Kd3 Kxd5 {White resigns} 0-1

[Event "Team 45 45 League T39"]
[Site "Internet Chess Club"]
[Date "2008.11.28"]
[Round "6"]
[White "rom1"]
[Black "jazzyrick"]
[Result "0-1"]
[WhiteElo "1555"]
[BlackElo "1507"]
[Opening "Nimzo-Indian: Leningrad variation"]
[ECO "E30"]
[Time "15:05:08"]
[TimeControl "2700+45"]

1. d4 Nf6 2. c4 e6 3. Nc3 Bb4 4. Bg5 h6 5. Bh4 b6 6. e3 Bb7 7. Nf3 g5 8. Bg3 Ne4
9. Qc2 Nxg3 10. hxg3 d5 11. Rh5 Ke7 12. Bd3 Nd7 13. Ne5 Nxe5 14. dxe5 d4 15. Qa4
c5 16. O-O-O dxc3 17. a3 cxb2+ 18. Kxb2 Ba5 19. Be4 Qc7 20. Bxb7 Qxb7 21. Rhh1
Rad8 22. Qc2 Rxd1 23. Rxd1 Qc7 24. Qe4 Rd8 25. Rxd8 Qxd8 26. Qb7+ Qd7 27. Qe4
Qd2+ 28. Qc2 Qxc2+ 29. Kxc2 f6 30. f4 f5 31. Kd1 g4 32. Ke2 Kd7 33. Kd3 Be1 34.
e4 Bxg3 35. exf5 exf5 36. Ke3 Bh4 37. Ke2 Kc6 38. Ke3 a6 39. a4 b5 40. axb5+
axb5 41. Kd3 b4 42. Ke3 Kb6 43. Kd3 Ka5 44. e6 Ka4 45. g3 Be7 46. Kc2 Ka3 47.
Kb1 Kb3 48. Kc1 Kxc4 {White resigns} 0-1